 Dungeon Crawl Stone Soup version 0.32-a0-314-g526f7d4993 (webtiles) character file.

Game seed: 17909057587953905271

627 Aldia the Cudgeller (level 7, -5/56 HPs)
             Began as a Gnoll Reaver on Feb 15, 2024.
             Was an Initiate of Cheibriados.
             Incinerated by a bombardier beetle (7 damage)
             ... with a burning spray
             ... on level 5 of the Dungeon.
             The game lasted 00:09:13 (4258 turns).

Aldia the Cudgeller (Gnoll Reaver)                  Turns: 4258, Time: 00:09:13

Health: -5/56      AC:  6    Str: 18    XL:     7   Next: 48%
Magic:  15/15      EV: 12    Int: 16    God:    Cheibriados [......]
Gold:   118        SH:  0    Dex: 11    Spells: 11/17 levels left

rFire   . . .        v - +0 morningstar
rCold   . . .        (no shield)
rNeg    . . .        s - +0 ring mail
rPois   .            (no helmet)
rElec   .            (no cloak)
rCorr   .            z - +0 pair of gloves
SInv    .            (no boots)
Will    +....        (no amulet)
Stlth   +            c - ring of willpower
HPRegen 0.29/turn    h - +6 ring of strength
MPRegen 0.14/turn

%: no passive effects
@: on fire, glowing, studying Fire Magic, very slow
A: fangs 1, strong nose, distributed training
a: Renounce Religion


You were on level 5 of the Dungeon.
You worshipped Cheibriados.
Cheibriados was noncommittal.
You visited 2 branches of the dungeon, and saw 6 of its levels.

You collected 255 gold pieces.
You spent 137 gold pieces at shops.

Inventory:

Hand Weapons
 a - a +0 mace
 d - a +0 flail
 v - a +0 morningstar (weapon)
Missiles
 k - 4 javelins
Armour
 b - a +0 leather armour
 s - a +0 ring mail (worn)
 w - a +0 scale mail
 z - a +0 pair of gloves (worn)
Jewellery
 c - a ring of willpower (left hand)
 h - a +6 ring of strength (right hand)
Talismans
 t - a beast talisman
Wands
 p - a wand of flame (30)
Scrolls
 e - 4 scrolls of noise
 f - a scroll of enchant weapon {unknown}
 j - 3 scrolls of poison
 n - a scroll of silence {unknown}
 q - 3 scrolls of teleportation {unknown}
 u - 2 scrolls of revelation
 x - 2 scrolls of vulnerability {unknown}
 y - a scroll of immolation {unknown}
 A - a scroll of identify
 C - a scroll of fear {unknown}
Potions
 g - 4 potions of curing
 i - a potion of cancellation {unknown}
 l - a potion of magic {unknown}
 m - a potion of enlightenment
 o - a potion of might
 r - 2 potions of heal wounds
 B - a potion of haste {unknown}


   Skills:
 + Level 5.3 Fighting
 + Level 2.6 Short Blades
 + Level 2.6 Long Blades
 + Level 2.6 Axes
 + Level 7.1 Maces & Flails
 + Level 2.6 Polearms
 + Level 2.6 Staves
 + Level 2.6 Ranged Weapons
 + Level 2.6 Throwing
 + Level 2.6 Armour
 + Level 5.3 Dodging
 + Level 2.6 Stealth
 + Level 2.6 Shields
 + Level 2.6 Unarmed Combat
 + Level 5.7 Spellcasting
 + Level 5.9 Conjurations
 + Level 2.1 Hexes
 + Level 2.1 Summonings
 + Level 2.1 Necromancy
 + Level 2.1 Translocations
 + Level 3.1 Fire Magic
 + Level 2.1 Ice Magic
 + Level 2.1 Air Magic
 + Level 2.1 Earth Magic
 + Level 2.1 Alchemy
 + Level 2.9 Invocations
 + Level 2.6 Evocations
 + Level 2.3 Shapeshifting


You had 11 spell levels left.
You knew the following spells:

 Your Spells              Type           Power      Damage    Failure   Level
a - Kiss of Death         Conj/Necr      68%        2d10      4%          1
b - Momentum Strike       Conj/Tloc      34%        3d8       7%          2
c - Hailstorm             Conj/Ice       17%        3d6       14%         3

Your spell library contained the following spells:

 Spells                   Type           Power      Damage    Failure   Level


Dungeon Overview and Level Annotations

Branches:
Dungeon (5/15)             Temple (1/1) D:4

Altars:
Cheibriados
Dithmenos
Elyvilon
Fedhas
Gozag
Kikubaaqudgha
Makhleb
Okawaru
Qazlal
Ru
Trog
Uskayaw
Vehumet
Xom
Yredelemnul
Zin
The Shining One

Shops:
D:2 =*   D:5 :


Innate Abilities, Weirdness & Mutations

You have very sharp teeth.
Your uncanny sense of smell can sniff out nearby items.
Your experience applies equally to all skills.


Message History

The liquid fire burns you!
The bombardier beetle bites you but does no damage.
You barely miss the bombardier beetle. The liquid fire burns you!
The bombardier beetle sprays incendiary fluid at you.
The burning spray hits you.
You are even more covered in liquid fire!
You closely miss the bombardier beetle. The liquid fire burns you!
You are too injured to fight recklessly!
You barely miss the bombardier beetle. The liquid fire burns you!
The bombardier beetle sprays incendiary fluid at you.
The burning spray hits you.
You are even more covered in liquid fire!
You barely miss the bombardier beetle. The liquid fire burns you!
The bombardier beetle sprays incendiary fluid at you.
The burning spray misses you.
You puncture the bombardier beetle!
The bombardier beetle is heavily wounded.
The liquid fire burns you!
* * * LOW HITPOINT WARNING * * *
You closely miss the bombardier beetle.
The bombardier beetle is heavily wounded.
The liquid fire burns you!
* * * LOW HITPOINT WARNING * * *
The bombardier beetle closely misses you.
You sock the bombardier beetle!
You kill the bombardier beetle!
The liquid fire burns you!
* * * LOW HITPOINT WARNING * * *
You shake off some of the fire as you move.
The liquid fire burns you!
* * * LOW HITPOINT WARNING * * *
Found a heavily runed chain mail.
You shake off some of the fire as you move.
The liquid fire burns you!
You die...
Cheibriados appreciates the motionlessness of death.

#.#.#.#.#.#.###########...
#.#.#.#.#.#.# #...........
#.#.#.#.#.#.###.....###...
#.#...#.....#.....# ####
#.########.#.....#.#.#.....######
...........#.....#.# #...........
######.#####.#...# # #.#.########
#..###......# #.#.#.......
##'#.##.#..@# #.#.#.#..###
###...##.#..<....#.#.#.#..###
#...⌠..+ #......[#.#.#.#....#
##.⌠∩⌠.###.......#.#.#.##.#.#
+..⌠...########..........#.#
##...####...........†.#....#
#.#'##.#.#######.#.#..#...#
###..........# #...#.......
##.#.#.....#####.###....#


There were no monsters in sight!

Vanquished Creatures
  Pargi (D:3)
  A black bear (D:5)
  A phantom (D:5)
  A howler monkey (D:4)
  A bombardier beetle (D:5)
  An orc priest (D:4)
  Jessica (D:3)
  An iguana (D:5)
  An orc wizard (D:3)
  4 adders
  A white imp (D:5)
  2 dart slugs
  2 ribbon worms
  8 orcs
  4 endoplasms
  A giant cockroach (D:2)
  8 goblins
  5 hobgoblins
  4 jackals (D:4)
  6 kobolds
  5 quokkas
  4 ball pythons
  4 bats (D:3)
  2 frilled lizards (D:1)
  5 rats
74 creatures vanquished.

Notes
Turn   | Place    | Note
-------+----------+-------------------------------------------
     0 | D:1      | Aldia the Gnoll Reaver began the quest for the Orb.
     0 | D:1      | Reached XP level 1. HP: 20/20 MP: 6/6
    18 | D:1      | Reached XP level 2. HP: 10/26 MP: 7/7
    29 | D:1      | Learned a level 2 spell: Momentum Strike
   617 | D:1      | Reached skill level 5 in Spellcasting
   617 | D:1      | Reached XP level 3. HP: 28/31 MP: 7/9
   863 | D:2      | Found Yharu's One-of-a-Kind Rings.
   979 | D:2      | Reached skill level 1 in Invocations
  1027 | D:2      | Found Feryurr's General Store.
  1032 | D:2      | Bought a potion of heal wounds for 55 gold pieces
  1206 | D:2      | Reached skill level 1 in Short Blades
  1206 | D:2      | Reached skill level 1 in Long Blades
  1206 | D:2      | Reached skill level 1 in Axes
  1206 | D:2      | Reached skill level 1 in Polearms
  1206 | D:2      | Reached skill level 1 in Staves
  1206 | D:2      | Reached skill level 1 in Ranged Weapons
  1206 | D:2      | Reached skill level 1 in Throwing
  1206 | D:2      | Reached skill level 1 in Armour
  1206 | D:2      | Reached skill level 1 in Stealth
  1206 | D:2      | Reached skill level 1 in Shields
  1206 | D:2      | Reached skill level 1 in Unarmed Combat
  1206 | D:2      | Reached skill level 1 in Evocations
  1471 | D:3      | Reached skill level 1 in Fire Magic
  1596 | D:3      | Reached skill level 1 in Shapeshifting
  1596 | D:3      | Reached XP level 4. HP: 38/38 MP: 11/11
  1628 | D:3      | Learned a level 3 spell: Hailstorm
  1710 | D:3      | Noticed Pargi
  1725 | D:3      | Killed Pargi
  1726 | D:3      | Reached skill level 1 in Hexes
  1726 | D:3      | Reached skill level 1 in Summonings
  1726 | D:3      | Reached skill level 1 in Necromancy
  1726 | D:3      | Reached skill level 1 in Translocations
  1726 | D:3      | Reached skill level 1 in Ice Magic
  1726 | D:3      | Reached skill level 1 in Air Magic
  1726 | D:3      | Reached skill level 1 in Earth Magic
  1726 | D:3      | Reached skill level 1 in Alchemy
  1726 | D:3      | Reached XP level 5. HP: 22/43 MP: 9/12
  1902 | D:3      | Noticed Jessica
  1921 | D:3      | Killed Jessica
  1922 | D:3      | Reached XP level 6. HP: 35/50 MP: 11/13
  2445 | D:2      | Bought a scroll of revelation for 82 gold pieces
  2713 | D:4      | Reached skill level 5 in Fighting
  2713 | D:4      | Reached skill level 5 in Dodging
  3327 | D:4      | Found a staircase to the Ecumenical Temple.
  3631 | Temple   | Entered the Ecumenical Temple
  3669 | Temple   | Became a worshipper of Cheibriados the Contemplative
  3732 | D:5      | Entered Level 5 of the Dungeon
  3814 | D:5      | Reached skill level 7 in Maces & Flails
  3814 | D:5      | Reached XP level 7. HP: 56/56 MP: 15/15
  4151 | D:5      | Found Qokedim's Book Shoppe.
  4257 | D:5      | HP: 1/56 [burnt (6)]
  4258 | D:5      | Incinerated by a bombardier beetle

Illustrated notes

Levels and vault maps discovered:
D:1:      dpeg_arrival_stonehenge_12_columns, layout_loops_ring
D:2:      layout_basic, serial_shops, shop, nicolae_shop_unique_rings,
          chequers_serial_rivers_small_3
D:3:      layout_loops_ring, nicolae_titane, uniq_jessica, uniq_pargi
D:4:      layout_basic, temple_statues
D:5:      layout_basic, serial_shops, nicolae_shop_rolling_square
Temple:   minmay_crystal_spiral_temple

Skill      XL: |  1  2  3  4  5  6  7 |
---------------+----------------------+-----
Spellcasting   | 5 |  5.7
Invocations    | 1 2 |  2.9
Short Blades   | 1 2 |  2.6
Long Blades    | 1 2 |  2.6
Axes           | 1 2 |  2.6
Polearms       | 1 2 |  2.6
Staves         | 1 2 |  2.6
Ranged Weapons | 1 2 |  2.6
Throwing       | 1 2 |  2.6
Armour         | 1 2 |  2.6
Stealth        | 1 2 |  2.6
Shields        | 1 2 |  2.6
Unarmed Combat | 1 2 |  2.6
Evocations     | 1 2 |  2.6
Fire Magic     | 1 2 3 |  3.1
Shapeshifting  | 1 2 |  2.3
Hexes          | 1 2 |  2.1
Summonings     | 1 2 |  2.1
Necromancy     | 1 2 |  2.1
Translocations | 1 2 |  2.1
Ice Magic      | 1 2 |  2.1
Air Magic      | 1 2 |  2.1
Earth Magic    | 1 2 |  2.1
Alchemy        | 1 2 |  2.1
Fighting       | 5 |  5.3
Dodging        | 5 |  5.3
Maces & Flails | 7 |  7.1
Conjurations   | |  5.9

Action                     |  1- 3 |  4- 6 |  7- 9 || total
---------------------------+-------+-------+-------++-------
  Melee: Mace              |    11 |       |       ||    11
         Bite              |     4 |     9 |     4 ||    17
         Flail             |    58 |    41 |       ||    99
         Morningstar       |       |   110 |    34 ||   144
   Cast: Kiss of Death     |       |     1 |       ||     1
         Momentum Strike   |       |     1 |       ||     1
         Hailstorm         |       |     3 |       ||     3
    Use: Scroll            |       |     6 |       ||     6
         Potion            |       |     1 |       ||     1
   Stab: Sleeping          |     4 |       |       ||     4
 Armour: Leather armour    |    30 |       |       ||    30
         Ring mail         |     2 |   143 |    18 ||   163
  Dodge: Dodged            |    34 |   155 |    23 ||   212
   Form: Beast             |       |     1 |       ||     1
                           |       |       |     1 ||     1

Table legend: (Time is in decaauts)
 A = Elapsed time spent in this place.
 B = Non-inter-level travel time spent in this place.
 C = Inter-level travel time spent in this place.
 D = Time resting spent in this place.
 E = Time spent auto-exploring this place.
 F = Levels seen in this place.
 G = Mean time per level.
                   A        B        C        D        E       F      G
               +--------+--------+--------+--------+--------+-----+--------+
         Total |   4408 |   3974 |    434 |      0 |   3317 |   6 |  734.7 |
       Dungeon |   4323 |   3972 |    351 |      0 |   3317 |   5 |  864.6 |
        Temple |     85 |      3 |     82 |      0 |      0 |   1 |   85.0 |
               +--------+--------+--------+--------+--------+-----+--------+

Top non-repeatable levels by time:
     D:4: 1180 daAuts
     D:3: 934 daAuts
     D:1: 794 daAuts
     D:2: 778 daAuts
     D:5: 634 daAuts
  Temple: 85 daAuts
